Map: [ESL] Oceanborn

Players

Oliveira - Winner!

  • Race: Terran Terran
  • Spawn Location: 5:00

Reynor

  • Race: Zerg Zerg
  • Spawn Location: 11:00

Event: ESL Spring 2024 Finals

VOD

Have the link to the VOD?

Description

Time

  • Played on: June 1, 2024, 6:32 p.m.
  • Length: 25:41

All games in this series

Show
View Real Time Build Order
Export as new Build Order

Oliveira Terran - Winner!

Build Orders: Reaper Expand, Hellion Banshee 

Get SALT Encoding   

  12  0:00  SCV  
  13  0:12  SCV  
  14  0:16  Supply Depot  
  14  0:24  SCV  
  15  0:38  SCV  
  15  0:39  Barracks  
  16  0:44  Refinery  
  16  0:50  SCV  
  17  1:02  SCV  
  18  1:14  SCV  
  19  1:28  Orbital Command, Reaper  
  20  1:39  Command Center  
  20  1:48  Supply Depot  
  20  1:54  SCV  
  20  2:00  Marine  
  22  2:07  SCV  
  23  2:11  Factory  
  23  2:19  SCV  
  24  2:23  Barracks Reactor  
  24  2:31  SCV  
  25  2:39  Command Center  
  25  2:43  SCV  
  26  2:51  Orbital Command  
  26  2:55  SCV  
  27  3:00  Starport  
  27  3:05  Refinery  
  27  3:07  SCV  
  27  3:11  Hellion  
  30  3:15  Hellion  
  30  3:17  SCV  
  33  3:20  SCV  
  33  3:22  Barracks Tech Lab  
  34  3:29  SCV  
  34  3:32  SCV  
  36  3:35  Hellion  
  36  3:37  Hellion  
  40  3:41  SCV  
  40  3:44  SCV  
  40  3:46  Banshee  
  45  3:49  Marine  
  45  3:52  Orbital Command  
  45  3:53  SCV  
  47  4:00  Cloaking Field  
  47  4:02  Hellion  
  49  4:04  Hellion  
  49  4:06  SCV x2  
  53  4:10  Supply Depot  
  53  4:11  Barracks Tech Lab  
  53  4:18  SCV  
  53  4:19  SCV  
  53  4:20  SCV  
  58  4:24  Hellion  
  58  4:25  Hellion  
  58  4:31  SCV  
  61  4:32  SCV, Banshee  
  61  4:33  Supply Depot, SCV  
  61  4:35  Marine  
  67  4:41  Armory  
  67  4:44  SCV x2  
  69  4:49  Stimpack  
  69  4:54  SCV  
  69  4:55  Supply Depot, Hellion x2  
  69  4:56  SCV  
  69  4:58  SCV  
  76  5:07  Barracks  
  76  5:08  Marine, Barracks  
  76  5:10  Supply Depot  
  77  5:17  SCV x2  
  79  5:22  Engineering Bay, Refinery x2  
  79  5:23  Supply Depot, Engineering Bay  
  79  5:26  Factory Reactor  
  79  5:29  SCV x2  
  79  5:32  Hellion x10  
  79  5:35  Starport Reactor, Marine  
  81  5:41  SCV x2  
  81  5:42  Orbital Command  
  84  5:48  Command Center  
  84  5:53  SCV x2  
  84  6:04  Terran Infantry Weapons Level 1, Terran Infantry Armor Level 1  
  84  6:05  SCV x2  
  84  6:06  Orbital Command  
  86  6:17  SCV x2  
  88  6:19  Marine x4, Barracks  
  88  6:20  Barracks  
  88  6:21  Marine  
  93  6:26  Supply Depot, Siege Tank  
  93  6:29  SCV x2  
  93  6:30  Medivac  
  100  6:34  SCV  
  100  6:36  Combat Shield  
  101  6:45  Supply Depot  
  101  6:47  SCV x2, Marine x2, Medivac  
  101  6:48  Supply Depot, Marine  
  101  6:50  SCV  
  101  6:54  Supply Depot  
  109  6:56  Factory  
  109  6:59  Refinery x2  
  109  7:00  Marine  
  110  7:02  Siege Tank  
  110  7:03  Marine  
  110  7:06  SCV  
  110  7:07  SCV  
  116  7:10  Marine  
  116  7:11  Supply Depot, Barracks Reactor x2  
  116  7:13  Supply Depot  
  116  7:14  SCV, Marine x2  
  120  7:17  Marine, Medivac  
  120  7:18  SCV  
  120  7:19  SCV  
  125  7:25  Supply Depot  
  125  7:26  SCV, Marine  
  125  7:27  Medivac  
  129  7:30  Drilling Claws  
  129  7:33  Marine  
  129  7:34  SCV  
  129  7:35  Marine  
  129  7:36  Supply Depot  
  132  7:37  Marine  
  132  7:39  Siege Tank  
  132  7:42  SCV x2, Factory Reactor  
  132  7:43  Marine  
  132  7:44  Marine  
  139  7:46  SCV  
  139  7:47  Planetary Fortress  
  139  7:49  Marine  
  142  7:54  SCV x2, Marine  
  142  7:58  Supply Depot, SCV, Marine  
  148  8:04  Barracks, Terran Infantry Weapons Level 2  
  148  8:05  Barracks x2  
  147  8:06  SCV x2, Terran Infantry Armor Level 2  
  147  8:09  Marine, Terran Vehicle Weapons Level 1  
  147  8:11  Marine  
  152  8:12  SCV  
  152  8:14  Marine  
  152  8:16  Siege Tank  
  156  8:22  Marine  
  156  8:25  Marine  
  158  8:31  Marine x3  
  158  8:32  Marine  
  158  8:33  SCV  
  158  8:34  SCV  
  159  8:35  Supply Depot, Widow Mine x2  
  159  8:38  Marine  
  163  8:43  Marine, Command Center  
  163  8:45  SCV  
  165  8:49  Marine x2  
  165  8:50  Refinery x2, Sensor Tower  
  165  8:51  Sensor Tower  
  165  8:55  Barracks Tech Lab x2  
  167  8:56  Barracks Tech Lab, Marine x2  
  167  8:57  Siege Tank  
  167  8:58  Widow Mine  
  167  9:00  Marine x2  
  175  9:03  Marine  
  175  9:09  Ghost Academy  
  176  9:11  Marauder  
  176  9:13  Marine  
  176  9:16  Marine  
  180  9:22  Marine x2  
  180  9:23  Marauder  
  180  9:24  Widow Mine x2  
  186  9:28  Command Center  
  185  9:32  Factory  
  185  9:33  Marauder  
  185  9:34  Siege Tank  
  183  9:40  Marine x3  
  183  9:41  Marauder  
  180  9:47  Marine x2  
  180  9:48  Marine, Marauder x2  
  180  9:49  Widow Mine x2  
  180  9:51  Marine  
  180  10:00  Marine x2  
  180  10:01  Marauder  
  180  10:04  Marine x2  
  180  10:05  Marauder  
  180  10:07  Siege Tank, Marine x2  
  191  10:09  Terran Vehicle Weapons Level 2, Marauder  
  191  10:12  Concussive Shells  
  195  10:14  Marine x2  
  195  10:15  Marauder  
  195  10:18  Marine  
  200  10:23  Command Center, Factory Tech Lab  
  200  10:29  Widow Mine x2  
  194  10:42  Marine  
  194  10:43  Siege Tank, Marine x2, Marauder  
  194  10:45  Terran Infantry Armor Level 3, Orbital Command, Terran Infantry Weapons Level 3  
  193  10:51  Planetary Fortress  
  193  10:57  Marine x2, Marauder  
  178  11:00  Siege Tank  
  178  11:01  Widow Mine x2  
  178  11:02  Medivac x2  
  182  11:07  Marine x2  
  182  11:08  Marauder  
  182  11:10  Marine x2  
  171  11:16  Siege Tank  
  174  11:18  Ghost x2  
  174  11:20  Personal Cloaking  
  174  11:23  Marine  
  177  11:33  Marine x2  
  177  11:34  Marauder  
  177  11:36  Siege Tank  
  160  11:41  Widow Mine  
  160  11:43  Marine x3, Marauder  
  160  11:46  Marine x3  
  146  11:47  Ghost, Widow Mine  
  146  11:48  Marauder  
  146  11:49  Siege Tank, Liberator  
  146  11:50  Liberator  
  161  11:54  Ghost  
  161  11:55  SCV x2  
  161  11:59  Marine  
  166  12:02  SCV  
  166  12:04  Ghost  
  166  12:07  Marine  
  166  12:08  Marine, Widow Mine  
  173  12:09  SCV  
  173  12:12  Marine  
  173  12:15  Marine x2  
  177  12:17  Siege Tank  
  177  12:18  Sensor Tower  
  177  12:21  Siege Tank  
  177  12:22  Ghost x2  
  186  12:23  Marine  
  186  12:24  Marine x2  
  186  12:26  Widow Mine  
  184  12:32  Marine x2  
  184  12:33  Marauder  
  184  12:36  Ghost  
  171  12:37  Marine x2  
  171  12:38  Planetary Fortress  
  171  12:41  SCV x2  
  171  12:42  SCV  
  171  12:43  SCV  
  177  12:44  Marine  
  177  12:50  Marine, Ghost  
  181  12:58  Siege Tank x2  
  181  13:01  Widow Mine x2  
  181  13:02  Marine x2  
  181  13:03  SCV  
  181  13:04  SCV  
  195  13:06  Marine  
  195  13:09  SCV  
  197  13:13  Sensor Tower  
  197  13:14  Marine  
  197  13:18  Ghost x2  
  197  13:19  Nuke  
  196  13:20  Marine  
  196  13:26  Marine  
  190  13:27  Marine  
  190  13:30  Widow Mine x2  
  195  13:35  SCV x2  
  195  13:38  Refinery  
  195  13:39  Refinery, Command Center x2  
  193  13:45  Marine  
  193  13:47  Medivac x2  
  191  13:51  Marine  
  191  13:52  SCV  
  191  13:55  Marine  
  187  13:57  Marine  
  187  14:00  Marine  
  187  14:01  Siege Tank x2  
  193  14:03  Widow Mine  
  193  14:04  Widow Mine  
  193  14:07  Marine  
  193  14:09  Marine  
  199  14:15  Marine, Command Center  
  200  14:19  Terran Vehicle Weapons Level 3  
  197  15:06  SCV  
  180  15:08  SCV, Marine x2  
  180  15:09  Siege Tank, Marauder  
  180  15:10  Marine, Marauder  
  180  15:13  Siege Tank  
  187  15:14  Widow Mine x2, Medivac x2  
  187  15:18  Marine x2  
  187  15:19  Marauder  
  199  15:24  Marine  
  199  15:28  Planetary Fortress  
  173  15:37  Marine  
  173  15:38  Marine x2  
  173  15:39  Marauder  
  173  15:40  Widow Mine x2  
  173  15:41  Siege Tank  
  183  15:43  SCV x2, Marine x2  
  183  15:44  SCV, Marauder  
  183  15:48  Marine  
  180  15:52  Marine x3, Marauder  
  180  15:53  Orbital Command  
  180  15:55  SCV  
  180  15:56  SCV  
  181  15:57  Marine x2  
  181  16:00  Marauder  
  181  16:03  Siege Tank  
  170  16:04  Medivac x2  
  170  16:05  Marauder  
  170  16:07  Marine  
  170  16:08  Marine x2  
  170  16:09  SCV x2  
  179  16:12  Marine, Command Center  
  179  16:14  Marauder  
  179  16:15  Marine  
  183  16:22  Marine x2, Marauder  
  187  16:26  Marine x2  
  187  16:27  Siege Tank, Marauder  
  187  16:32  Marine x2  
  187  16:34  Widow Mine x2  
  187  16:35  Marauder  
  195  16:43  Marauder  
  195  16:46  Siege Tank  
  194  17:09  Siege Tank, Marine x2, Marauder  
  200  17:22  Marine  
  183  17:23  Siege Tank  
  183  17:25  Widow Mine x2  
  186  17:32  SCV x2  
  186  17:36  Marine  
  186  17:37  Orbital Command, SCV  
  181  17:40  Marine  
  181  17:41  Widow Mine  
  181  17:42  SCV  
  180  17:44  SCV  
  180  17:46  Marine, Widow Mine  
  159  17:58  SCV x2  
  159  17:59  Marine x2  
  159  18:00  Siege Tank  
  159  18:01  SCV  
  157  18:06  Marine x2  
  157  18:10  SCV x2  
  157  18:11  Missile Turret  
  159  18:16  Siege Tank, Widow Mine x2  
  166  18:20  Medivac x2  
  166  18:26  Marine  
  164  18:42  Marine  
  164  18:43  Marine, Marauder  
  164  18:47  Marine x2  
  169  18:49  Siege Tank  
  153  18:57  Marine  
  153  18:59  Siege Tank  
  153  19:00  SCV  
  140  19:03  SCV, Widow Mine x2  
  140  19:04  SCV  
  140  19:06  Ghost x2  
  140  19:09  SCV x2  
  141  19:14  SCV, Medivac  
  141  19:17  SCV  
  144  19:18  SCV  
  142  19:24  Siege Tank  
  142  19:25  SCV  
  142  19:30  Widow Mine  
  147  19:34  Ghost  
  149  19:39  Ghost  
  149  19:41  SCV  
  149  19:42  SCV  
  149  19:44  SCV  
  154  19:48  Ghost  
  154  20:03  Ghost  
  154  20:05  Barracks Tech Lab  
  156  20:08  Ghost  
  156  20:09  SCV  
  159  20:16  Ghost  
  159  20:21  Widow Mine x2  
  165  20:24  Siege Tank x2, Liberator  
  165  20:25  Liberator, Ghost  
  176  20:31  Ghost  
  172  20:36  Ghost  
  172  20:38  Marine  
  174  20:47  Marine x2, Marauder  
  169  20:51  Orbital Command, Marine  
  169  20:56  Siege Tank  
  173  20:57  Marine x3  
  173  20:58  Marauder  
  173  21:00  Siege Tank  
  173  21:03  Marine  
  169  21:04  Marine  
  169  21:05  Marine, Marauder  
  169  21:07  Widow Mine x2  
  169  21:10  Liberator  
  180  21:13  Marine x2, Marauder  
  184  21:21  SCV  
  185  21:28  Siege Tank  
  185  21:29  Marine x2  
  185  21:30  Marauder  
  185  21:32  SCV x3  
  190  21:33  Marine  
  190  21:39  Marine, Marauder  
  194  21:44  Marine x2, Marauder  
  198  21:48  Marine x2  
  200  21:59  Marine  
  200  22:07  Missile Turret x2  
  195  22:22  Marine x2, Marauder  
  187  22:37  Marine  
  187  22:38  Siege Tank, Marauder  
  193  22:48  Marine x2, Marauder  
  193  22:49  Siege Tank  
  200  22:54  Refinery  
  200  22:55  Refinery, Command Center x2  
  200  23:14  Marine  
  200  23:15  Marine  
  200  23:19  Marine x2  
  193  23:20  Marauder  
  193  23:22  Marine x2, Marauder  
  194  23:32  Marine  
  193  23:48  Liberator  
  189  23:51  Marine x3  
  189  23:52  Marauder  
  189  23:53  Siege Tank  
  189  23:54  Widow Mine  
  192  23:57  Marine, Widow Mine x2  
  192  24:00  Marine  
  192  24:01  Marauder  
  200  24:08  Marine  
  200  24:09  Marine, Marauder  
  199  24:18  Marine  
  200  24:45  Marine x3, Marauder  
  196  24:53  Marine x2, Marauder  
  196  24:59  Marine  
  199  25:01  Marine  
  189  25:07  Marine x2  
  189  25:08  Marauder x2  
  195  25:14  Marine x2  
  195  25:15  Marauder  
  195  25:17  SCV x2  
  195  25:21  Marine x2  
Show
View Real Time Build Order
Export as new Build Order

Reynor Zerg 

Build Orders: Hatch First, Lurkers 

Get SALT Encoding   

  12  0:00  Drone  
  13  0:12  Overlord  
  13  0:16  Drone  
  14  0:30  Drone x2  
  16  0:48  Hatchery  
  15  0:50  Drone  
  15  0:54  Drone  
  17  0:57  Drone  
  18  1:08  Extractor  
  17  1:12  Spawning Pool  
  17  1:15  Drone  
  18  1:18  Drone  
  18  1:27  Drone  
  19  1:38  Drone  
  20  1:49  Drone  
  21  1:59  Queen x2  
  21  2:00  Zergling x4  
  27  2:14  Hatchery  
  26  2:17  Overlord  
  26  2:20  Drone  
  27  2:23  Drone  
  27  2:28  Metabolic Boost  
  28  2:36  Drone  
  29  2:38  Drone x2  
  31  2:45  Queen  
  31  2:49  Overlord  
  33  2:51  Drone  
  33  2:53  Drone  
  33  2:56  Drone  
  36  3:07  Queen  
  36  3:08  Overlord  
  40  3:12  Drone x2  
  40  3:13  Drone  
  40  3:15  Drone  
  40  3:17  Drone  
  43  3:21  Drone  
  43  3:25  Queen  
  43  3:26  Drone  
  43  3:27  Drone  
  48  3:32  Queen  
  48  3:34  Drone  
  51  3:37  Overlord  
  51  3:41  Drone  
  52  3:42  Drone  
  52  3:45  Queen  
  52  3:47  Drone  
  52  3:48  Drone  
  57  3:50  Drone  
  57  3:55  Overlord  
  58  3:57  Drone x3  
  58  4:01  Drone x2  
  62  4:05  Queen  
  62  4:09  Overlord  
  64  4:10  Drone  
  64  4:12  Overlord  
  64  4:17  Zergling x8  
  68  4:20  Queen  
  68  4:24  Overlord  
  71  4:25  Drone x2  
  71  4:30  Overlord  
  73  4:31  Zergling x2  
  73  4:33  Lair  
  73  4:34  Drone  
  73  4:35  Drone  
  73  4:37  Drone  
  77  4:39  Drone x2  
  77  4:42  Zergling x6  
  77  4:45  Drone  
  83  4:46  Overlord  
  83  4:52  Baneling Nest  
  82  4:53  Drone x3  
  82  4:55  Extractor  
  82  4:59  Hatchery  
  83  5:01  Drone x2  
  83  5:04  Drone x2  
  83  5:06  Overlord  
  87  5:09  Spore Crawler x2  
  87  5:10  Spore Crawler  
  87  5:12  Drone  
  87  5:13  Drone  
  86  5:17  Drone  
  86  5:19  Drone  
  86  5:21  Drone x2  
  90  5:22  Drone x2  
  90  5:23  Evolution Chamber  
  90  5:24  Evolution Chamber  
  90  5:29  Drone  
  90  5:30  Drone  
  90  5:33  Drone  
  90  5:35  Overseer  
  93  5:37  Drone  
  93  5:41  Zergling x12  
  93  5:42  Baneling x3  
  100  5:45  Zergling x4  
  102  5:55  Hatchery  
  102  5:56  Drone x2  
  103  5:57  Hatchery, Overlord  
  103  5:58  Drone x2  
  103  6:00  Zerg Ground Armor Level 1  
  103  6:01  Drone  
  103  6:03  Spore Crawler, Drone  
  102  6:06  Overlord  
  102  6:07  Extractor x2  
  102  6:08  Drone x2  
  102  6:10  Drone  
  102  6:11  Drone x2  
  106  6:12  Drone  
  106  6:13  Zerg Melee Weapons Level 1  
  107  6:19  Overlord  
  107  6:22  Drone x3  
  109  6:27  Zergling x2, Extractor  
  109  6:30  Zergling x2  
  109  6:31  Centrifugal Hooks  
  110  6:33  Zergling x2  
  110  6:37  Drone  
  110  6:38  Zergling x6  
  110  6:39  Hatchery  
  114  6:42  Drone  
  114  6:43  Baneling x4  
  114  6:44  Drone  
  116  6:48  Zergling x2  
  116  6:53  Zergling x2  
  118  6:55  Zergling x2  
  118  6:56  Zergling x6  
  118  6:58  Baneling x7  
  118  6:59  Spore Crawler  
  118  7:00  Spore Crawler, Drone  
  121  7:03  Zergling x2  
  121  7:05  Overlord  
  121  7:08  Drone x3  
  125  7:09  Infestation Pit  
  125  7:10  Zergling x4  
  125  7:14  Zergling x8  
  130  7:16  Drone  
  130  7:18  Drone x2  
  130  7:20  Baneling x5  
  130  7:21  Zergling x4  
  135  7:25  Drone x3  
  135  7:27  Queen  
  135  7:28  Spore Crawler  
  139  7:30  Overlord  
  139  7:31  Drone x3  
  139  7:34  Zergling x2  
  139  7:36  Zergling x4  
  139  7:37  Zergling x2  
  146  7:38  Burrow  
  146  7:41  Drone x3, Overlord  
  146  7:43  Zergling x2  
  150  7:44  Overlord  
  150  7:49  Hive  
  150  7:50  Overlord  
  150  7:52  Drone x4  
  150  7:53  Drone x2  
  150  7:55  Drone x2  
  155  7:58  Zergling x6  
  155  7:59  Spore Crawler  
  155  8:01  Zerg Ground Armor Level 2  
  155  8:02  Zergling x6  
  155  8:04  Zergling x10  
  165  8:07  Zergling x2  
  165  8:11  Baneling x4  
  165  8:12  Zerg Melee Weapons Level 2  
  166  8:13  Drone x5  
  166  8:14  Drone x2  
  166  8:18  Overlord, Extractor  
  166  8:19  Zergling x6  
  175  8:23  Zergling x14  
  180  8:31  Zergling x6  
  176  8:36  Zergling x12  
  176  8:40  Hydralisk Den, Zergling x2, Extractor  
  180  8:44  Zergling x22  
  189  8:52  Baneling x7  
  189  8:53  Extractor  
  189  8:54  Zergling x10  
  193  8:59  Hatchery  
  188  9:07  Drone x2  
  190  9:13  Viper  
  190  9:14  Spore Crawler  
  190  9:16  Muscular Augments  
  190  9:17  Adrenal Glands  
  192  9:19  Lurker Den  
  192  9:23  Zergling x22  
  196  9:24  Overlord  
  195  9:37  Hatchery  
  190  9:40  Zergling x22  
  190  9:41  Baneling  
  190  9:42  Baneling x9  
  191  9:47  Hydralisk x6  
  199  9:59  Zergling x6  
  200  10:00  Baneling x2  
  197  10:09  Baneling x14  
  197  10:11  Hydralisk  
  199  10:18  Zerg Ground Armor Level 3  
  199  10:19  Seismic Spines  
  199  10:20  Grooved Spines  
  199  10:24  Overlord  
  199  10:25  Hatchery  
  197  10:35  Zerg Melee Weapons Level 3  
  193  10:37  Zergling x2, Extractor  
  193  10:38  Zergling x6  
  192  10:46  Hydralisk  
  192  10:47  Zergling x24  
  199  10:51  Zergling x4  
  199  10:53  Overseer  
  199  10:57  Zergling x16  
  196  10:59  Nydus Network  
  184  11:07  Zergling x42  
  184  11:08  Zergling x4, Pneumatized Carapace  
  184  11:09  Zergling x4  
  189  11:16  Zergling x8, Hydralisk  
  189  11:18  Lurker x5  
  201  11:25  Adaptive Talons  
  201  11:27  Overlord  
  198  11:39  Zergling x30  
  192  11:41  Hydralisk  
  192  11:42  Hydralisk x3  
  192  11:44  Zergling x4  
  173  11:47  Hydralisk  
  173  11:48  Zergling x2  
  173  11:52  Zergling x2  
  173  11:53  Overseer  
  177  11:57  Drone x5, Hydralisk  
  177  11:58  Zergling x8  
  177  11:59  Lurker  
  177  12:00  Lurker  
  190  12:07  Hatchery  
  189  12:08  Zergling x16  
  189  12:11  Zergling x4  
  189  12:14  Overseer  
  186  12:30  Zergling x2  
  186  12:31  Zergling x36  
  186  12:34  Zergling x2, Hydralisk  
  186  12:35  Hydralisk  
  186  12:36  Zergling x2  
  184  12:37  Zergling x6  
  184  12:42  Nydus Canal  
  184  12:43  Hydralisk  
  184  12:44  Zergling x12  
  191  12:46  Queen  
  191  12:48  Lurker x6  
  199  12:51  Overseer  
  199  12:57  Zerg Missile Weapons Level 1  
  199  12:59  Baneling x19  
  199  13:02  Nydus Canal  
  199  13:07  Overlord  
  199  13:18  Zergling x22  
  199  13:22  Nydus Canal  
  199  13:25  Zergling x28  
  197  13:28  Zergling x2, Hydralisk  
  194  13:41  Nydus Canal  
  194  13:45  Zergling x28  
  194  13:48  Hydralisk  
  191  13:49  Zergling x2  
  191  13:51  Hydralisk  
  191  13:52  Zergling x4  
  195  13:57  Hatchery  
  195  13:58  Zergling x12  
  198  14:03  Overseer  
  198  14:05  Overseer  
  195  14:18  Infestor x2  
  193  14:35  Zergling x12  
  199  14:39  Overseer x2  
  199  14:41  Spore Crawler  
  199  14:43  Spore Crawler, Spire  
  196  14:46  Nydus Canal  
  196  14:49  Zergling x2  
  196  14:50  Zergling x4  
  193  15:01  Zergling x2  
  193  15:02  Zergling x20, Extractor, Nydus Canal  
  193  15:05  Hydralisk  
  193  15:06  Zergling x22  
  193  15:07  Zergling x8  
  199  15:10  Zergling x2, Hydralisk  
  199  15:11  Zergling x12  
  199  15:19  Overseer  
  199  15:20  Nydus Canal  
  199  15:25  Overseer  
  194  15:36  Zergling x18  
  194  15:37  Nydus Canal  
  194  15:47  Hydralisk  
  194  15:48  Zergling x8  
  188  15:54  Zergling x6  
  188  15:55  Overlord  
  188  15:56  Overlord x4  
  178  15:59  Overlord  
  178  16:00  Overseer  
  175  16:05  Hydralisk  
  175  16:06  Zergling x8  
  175  16:08  Baneling x21, Viper x2  
  175  16:11  Overlord  
  178  16:19  Zergling x24, Hydralisk x3  
  178  16:21  Zerg Flyer Weapons Level 1  
  178  16:24  Hydralisk x2  
  200  16:28  Infestor  
  189  16:33  Zergling x18, Hydralisk  
  189  16:34  Hatchery, Overseer x3  
  189  16:38  Nydus Canal  
  199  16:44  Lurker  
  199  16:45  Baneling x2  
  199  16:46  Baneling x4  
  200  16:51  Overseer  
  197  17:00  Zergling x2, Hydralisk  
  200  17:01  Nydus Canal  
  179  17:08  Infestor x2  
  179  17:09  Hydralisk  
  179  17:10  Zergling x52  
  192  17:23  Zergling x10, Hydralisk  
  192  17:24  Zergling x2  
  192  17:26  Nydus Canal  
  195  17:30  Baneling  
  195  17:34  Baneling x22  
  195  17:37  Zergling x20  
  188  17:51  Zergling x22  
  188  17:58  Zergling x14, Hydralisk  
  178  17:59  Hydralisk  
  178  18:02  Zergling x2  
  178  18:04  Nydus Canal  
  184  18:11  Drone x4  
  182  18:17  Lurker x6, Hydralisk  
  182  18:18  Zergling x10  
  195  18:25  Zergling x8  
  199  18:33  Overseer  
  189  18:41  Zergling x2  
  189  18:42  Zergling x18  
  175  18:59  Zergling x44  
  183  19:03  Zergling x2  
  183  19:06  Hydralisk  
  183  19:10  Zergling x4  
  183  19:12  Zergling x6  
  183  19:13  Zergling x2  
  183  19:14  Zergling x6  
  184  19:19  Zergling x2, Hydralisk  
  187  19:36  Zergling x12  
  193  19:40  Hydralisk x4  
  196  19:51  Infestor  
  196  20:06  Hatchery  
  195  20:09  Nydus Canal  
  195  20:20  Zergling x8  
  199  20:22  Overseer  
  199  20:28  Overseer  
  196  20:33  Zergling x20  
  196  20:34  Zergling x4  
  199  20:39  Nydus Canal  
  199  20:42  Viper, Overseer  
  199  20:49  Infestor  
  187  20:54  Nydus Canal  
  187  21:01  Hatchery, Zergling x32, Hydralisk  
  193  21:06  Overseer x3  
  193  21:11  Nydus Canal  
  192  21:29  Infestor x2  
  182  21:34  Nydus Canal  
  181  21:50  Nydus Canal  
  181  22:09  Baneling  
  181  22:14  Zergling x10  
  181  22:15  Zergling x6  
  188  22:22  Nydus Canal  
  187  22:28  Zergling x20  
  197  22:34  Hydralisk  
  197  22:35  Zergling x24  
  187  22:37  Hydralisk  
  187  22:38  Zergling x20  
  187  22:39  Nydus Canal  
  184  22:53  Zergling x4, Hydralisk  
  184  22:54  Zergling x6  
  189  23:00  Baneling x4  
  189  23:02  Nydus Canal  
  189  23:09  Spore Crawler  
  185  23:19  Hydralisk x3  
  177  23:20  Zergling x8  
  177  23:24  Drone x8  
  172  23:30  Zergling x22  
  174  23:51  Baneling x2  
  174  23:52  Baneling  
  174  23:54  Hatchery  
  171  23:58  Nydus Canal  
  171  23:59  Hydralisk x3  
  171  24:00  Zergling x6  
  173  24:10  Hydralisk x2  
  173  24:11  Hydralisk  
  175  24:30  Nydus Canal  
  170  24:31  Hydralisk x4  
  170  24:32  Zergling x8  
  170  24:33  Zergling x2  
  183  24:45  Zergling x2, Hydralisk  
  173  24:46  Zergling x12  
  177  24:55  Nydus Canal  
  177  24:59  Hydralisk  
  168  25:00  Zergling x10  
  168  25:07  Zergling x6, Hydralisk  
  164  25:08  Zergling x2  
  162  25:19  Zergling x14  
Tags
 
Add a new tag
Caveats
  • Supply blocks, unpowered buildings, or Contaminate may cause inaccurate times.
  • Supply counts are checked every 10 seconds.